[Event "*** Titled Tuesday Blitz"]
[Site "Chess.com"]
[Date "2021.02.09"]
[Round "5"]
[White "NiranjanNavalgund"]
[Black "lamomiablanca"]
[Result "1-0"]
[WhiteElo "2506"]
[BlackElo "2265"]
[TimeControl "180+1"]
[EndTime "10:57:58 PST"]
[Termination "NiranjanNavalgund won by checkmate"]

1. d4 Nf6 2. Nf3 b6 3. Bf4 Bb7 4. Nbd2 g6 5. e3 Bg7 6. h3 d6 7. Be2 O-O 8. O-O Nbd7 9. c4 Ne4 10. Nxe4 Bxe4 11. Nd2 Bb7 12. Bf3 Bxf3 13. Qxf3 e5 14.
dxe5 dxe5 15. Bh2 Qe7 16. Rfd1 Nc5 17. Nb3 e4 18. Qg3 Rac8 19. Nd4 Nd3 20. Rd2 Be5 21. Qg4 Bxh2+ 22. Kxh2 f5 23. Qg3 c5 24. Nb5 Rfd8 25. b3 a6 26. Nc3 Rd6 27. Nd5 Qd7 28. Rad1 Rd8 29. h4 Rxd5 30. cxd5 Qxd5 31. h5 Rd6 32. Qg5 Qf7 33. h6 Qf6 34. f4 Qxg5 35. fxg5 Kf7 36. g3 Ke6 37. Kg2 Ke5 38. Rf1 b5 39. Rc2 Rc6 40. a3 Kd5 41. Rb1 a5 42. Kf1 Rb6 43. Ke2 Ne5 44. Rd1+ Nd3 45. Rb1 Rc6 46. Rd1 c4 47. bxc4+ Rxc4 48. Rxc4 Kxc4 49. Kd2 a4 50.
Rb1 Ne5 51. Rb4+ Kc5 52. Rb1 Nc4+ 53. Ke2 Ne5 54. Rc1+ Nc4 55. Rd1 Nxa3 56. Rd7 b4 57. Rxh7 b3 58. Rc7+ Kb6 59. h7 b2 60. h8=Q b1=Q 61.
Qb8+ Ka5 62. Ra7# 1-0

[Event "*** Titled Tuesday Blitz"]
[Site "Chess.com"]
[Date "2021.02.09"]
[Round "5"]
[White "Arseniy_Nesterov"]
[Black "Iskusnyh"]
[Result "0-1"]
[WhiteElo "2802"]
[BlackElo "2602"]
[TimeControl "180+1"]
[EndTime "10:58:00 PST"]
[Termination "Iskusnyh won on time"]

1. d4 d5 2. c4 c6 3. Nf3 Nf6 4. Nc3 a6 5. e3 e6 6. Qc2 c5 7.
cxd5 exd5 8. dxc5 Bxc5 9. Be2 O-O 10. O-O Nc6 11. Rd1 Be6 12. b3 Qe7 13. Bb2 Rac8 14. Rac1 Rfd8 15. Na4 Ba7 16. Qb1 Ne4 17. Qa1 Bg4 18.
Rd3 Nb4 19. Rxc8 Rxc8 20. Ba3 Nxd3 21. Bxe7 Rc1+ 22. Qxc1 Nxc1 23. Bf1 Nxa2 24. Ne5 Be6 25. Nd3 Nac3 26. Nxc3 Nxc3 27. Bc5 Bb8 28. Bd4 Nb5 29. Bb2 f6 30. f3 Ba7 31. Kf2 Kf7 32. Nf4 d4 33.
exd4 Bxd4+ 34. Bxd4 Nxd4 35. Ke3 Nc6 36. Nxe6 Kxe6 37.
Bd3 h6 38. h4 g5 39. h5 Ke5 40. g4 Nd4 41. Bc4 b5 42. Bf7 a5 43. Bg8 a4 44.
bxa4 bxa4 45. Bc4 a3 46. Bg8 Nc6 47. Kd3 a2 0-1

[Event "*** Titled Tuesday Blitz"]
[Site "Chess.com"]
[Date "2021.02.09"]
[Round "5"]
[White "leoduarte"]
[Black "Mikhail_Golubev"]
[Result "1-0"]
[WhiteElo "2392"]
[BlackElo "2521"]
[TimeControl "180+1"]
[EndTime "10:58:01 PST"]
[Termination "leoduarte won on time"]

1. e4 c5 2. Nf3 d6 3. d4 Nf6 4.
Nc3 cxd4 5. Nxd4 g6 6. Bc4 Bg7 7.
O-O O-O 8. h3 Nc6 9. Nf3 Na5 10.
Bb3 b6 11. Re1 Bb7 12. Nd5 e6 13. Nxf6+ Bxf6 14. c3 Qc7 15. Bh6 Rfd8 16. Qd2 Nxb3 17. axb3 e5 18. c4 b5 19. Rac1 bxc4 20. bxc4 a5 21.
Nh2 Be7 22. Ng4 f5 23. exf5 gxf5 24. Ne3 f4 25. Nd5 Bxd5 26. Qxd5+ Kh8 27. Qf7 Rg8 28. h4 Qc6 29. Bg5 Bxg5 30. hxg5 Rxg5 31. Qf6+ Rg7 32. f3 Qc5+ 33. Kf1 Re8 34. Re2 Qc7 35. b3 Kg8 36. Rd1 Rf7 37. Qg5+ Rg7 38. Qf6 Rf8 39. Qe6+ Kh8 40.
Qxd6 Qxd6 41. Rxd6 Rb8 42. Rxe5 Rxb3 43. Rd8+ Rg8 44. Rxg8+ Kxg8 45. Rxa5 1-0

[Event "*** Titled Tuesday Blitz"]
[Site "Chess.com"]
[Date "2021.02.09"]
[Round "5"]
[White "AldokhinIvan"]
[Black "Dii210"]
[Result "0-1"]
[WhiteElo "2465"]
[BlackElo "2304"]
[TimeControl "180+1"]
[EndTime "10:58:01 PST"]
[Termination "Dii210 won by resignation"]

1. e4 c5 2. Nf3 e6 3. d4 cxd4 4.
Nxd4 Nc6 5. Nc3 Qc7 6. Nxc6 dxc6 7. Bd3 Nf6 8. O-O Bc5 9. Kh1 e5 10. Qe2 O-O 11. Bg5 Be7 12. f4 h6 13. Bh4 exf4 14. e5 Ng4 15. Qe4 g6 16. Bxe7 Qxe7 17. Rae1 Qh4 18.
Qxf4 g5 19. Qg3 Qxg3 20. hxg3 Kg7 21. Ne4 Nxe5 22. Be2 Be6 23. b3 Rad8 24. Nc5 Bc8 25. Bh5 f6 26. Rd1 b6 27. Ne4 f5 28. Nd6 Ba6 29.
Rfe1 Ng6 30. Bxg6 Kxg6 31. Re6+ Rf6 32. Rde1 Rxd6 33. Re8 Rf7 34. Rg8+ Kf6 35. Rge8 Rfd7 36. Kh2 g4 37. c4 c5 38. Rh8 Kg5 39. Ree8 Rg6 40. Ref8 Bb7 41. Re8 Rd2 42. Kg1 Rxg2+ 43.
Kf1 Rxa2 44. Re5 Rd6 45. Rf8 Rd1+ 46. Re1 Rxe1+ 47. Kxe1 Be4 48. Kd1 h5 49. Rg8+ Kf6 50. Rh8 Ke5 51. Rh6 Kd4 52. Ke1 Ke3 0-1

[Event "*** Titled Tuesday Blitz"]
[Site "Chess.com"]
[Date "2021.02.09"]
[Round "5"]
[White "SanQui14"]
[Black "SaraciNderim"]
[Result "1-0"]
[WhiteElo "2458"]
[BlackElo "2778"]
[TimeControl "180+1"]
[EndTime "10:58:02 PST"]
[Termination "SanQui14 won by resignation"]

1. d4 d5 2. c4 c6 3. Nf3 Nf6 4.
e3 Bg4 5. Qb3 Qb6 6. c5 Qc7 7.
h3 Bxf3 8. gxf3 e5 9. dxe5 Nfd7 10. f4 Nxc5 11. Qd1 Nbd7 12. Be2 f6 13. exf6 Nxf6 14.
Nc3 Bd6 15. b3 O-O 16. Bb2 a5 17. Rg1 Rf7 18. Rc1 Re8 19. Kf1 Qc8 20. Kg2 Qf5 21.
Kh2 Bxf4+ 22. exf4 Qxf4+ 23. Kg2 Ng4 24. Bxg4 Qxf2+ 25. Kh1 Qxb2 26. Rc2 Qa3 27. Qd4 Qb4 28. Qxb4 axb4 29.
Nxd5 Ne4 30. Nxb4 Nf2+ 31. Kg2 Nxg4 32. hxg4 Re4 33. Rc4 Rff4 34. Rxe4 Rxe4 35. Nd3 Rxg4+ 36. Kf2 Rh4 37. Nc5 b6 38. Nd7 b5 39. Ne5 c5 40.
Nf3 Rh5 41. Ke3 h6 42. a4 c4 43. axb5 cxb3 44. Nd4 Kf7 45. Rb1 Ke8 46. Rxb3 Kd7 47.
b6 Rh3+ 48. Nf3 Kc8 49. b7+ Kb8 50. Rb4 g5 51. Kf2 Rh1 52. Ne5 Rh2+ 53. Kg3 Rc2 54. Nd7+ Kc7 55. b8=Q+ Kxd7 56. Rb7+ Ke6 57. Qe8+ Kd5 58.
Rd7+ 1-0

[Event "*** Titled Tuesday Blitz"]
[Site "Chess.com"]
[Date "2021.02.09"]
[Round "5"]
[White "enriquebutti"]
[Black "KetiGrant"]
[Result "0-1"]
[WhiteElo "2170"]
[BlackElo "2348"]
[TimeControl "180+1"]
[EndTime "10:58:02 PST"]
[Termination "KetiGrant won on time"]

1. d4 Nf6 2. Nf3 g6 3. c4 Bg7 4. Nc3 O-O 5. Bg5 d6 6. e3 h6 7. Bh4 c6 8. Be2 a6 9. O-O b5 10. a3 Nbd7 11. Qc2 Nb6 12. b3 Bf5 13. e4 Bg4 14.
Rfd1 Qc7 15. Rab1 Bxf3 16. gxf3 bxc4 17. bxc4 Nh5 18. Bg3 e5 19. c5 dxc5 20. dxc5 Nd7 21. Na4 Rab8 22. Bxa6 Nf4 23. Bc4 g5 24. Qd2 Rbd8 25.
Qd6 Qa7 26. Qxc6 Nb8 27. Qb5 Rxd1+ 28. Rxd1 Ng6 29. Bd5 h5 30. h3 h4 31. Bh2 Bf6 32.
c6 Kg7 33. Nb6 Qxa3 34. Qd3 Qc5 35. Nd7 Nxd7 36. cxd7 Bd8 37. Qc4 Qa3 38. Rb1 Qxf3 39. Qf1 g4 40. hxg4 h3 41. Rb8 Qxg4+ 42. Kh1 Qf3+ 43.
Kg1 Rh8 44. Rxd8 Rxd8 45. Bg3 Rxd7 46. Qxh3 Rc7 47. Qf5 Rc1+ 0-1

[Event "*** Titled Tuesday Blitz"]
[Site "Chess.com"]
[Date "2021.02.09"]
[Round "5"]
[White "anantone"]
[Black "ega2006"]
[Result "0-1"]
[WhiteElo "2560"]
[BlackElo "2418"]
[TimeControl "180+1"]
[EndTime "10:58:03 PST"]
[Termination "ega2006 won on time"]

1. e4 c5 2. Nf3 Nc6 3. g3 g6 4. Bg2 Bg7 5. O-O e6 6. d3 Nge7 7. Nc3 O-O 8. Be3 Nd4 9. Bxd4 cxd4 10. Ne2 Nc6 11. c3 dxc3 12. bxc3 d5 13. exd5 Qxd5 14.
Nfd4 Qd6 15. Nxc6 bxc6 16. Qc2 Rb8 17. Rab1 Bd7 18. d4 c5 19. Rfd1 Rxb1 20. Qxb1 Rb8 21.
Qc2 cxd4 22. Nxd4 Qc7 23. h4 Rc8 24. Ne2 Bb5 25. h5 Bc4 26. hxg6 hxg6 27. Nf4 Qe5 28.
Qa4 a5 29. Qd7 Rf8 30. Qe7 Qxc3 31. Rd8 Bxa2 32. Nh3 Rxd8 33. Qxd8+ Bf8 34. Ng5 Kg7 35. Ne4 Qa1+ 36. Kh2 Bd5 37. Ng5 Bxg2 38. Kxg2 Qf6 39. Qd2 Bb4 40. Qe3 a4 41. Ne4 Qe5 42. f4 Qd5 43.
Kh3 a3 44. Nc3 Qf5+ 45. g4 Qc5 46. Qxc5 Bxc5 47. Na2 g5 48. Kg3 Bd6 49. Kf3 gxf4 50.
Ke4 Kf6 0-1

[Event "*** Titled Tuesday Blitz"]
[Site "Chess.com"]
[Date "2021.02.09"]
[Round "5"]
[White "Cuajada_Zero"]
[Black "kekic76"]
[Result "0-1"]
[WhiteElo "2199"]
[BlackElo "2374"]
[TimeControl "180+1"]
[EndTime "10:58:05 PST"]
[Termination "kekic76 won on time"]

1. d4 d6 2. e4 e5 3. Ne2 Nc6 4.
Be3 Nf6 5. f3 d5 6. dxe5 Nxe5 7.
Nbc3 dxe4 8. Qxd8+ Kxd8 9. O-O-O+ Bd7 10. fxe4 Nfg4 11. Bg1 Be7 12. h3 Bg5+ 13. Kb1 Ne3 14. Bxe3 Bxe3 15. Nd5 Bc5 16. Nec3 c6 17. Nf4 Kc7 18.
Bd3 Rhf8 19. Nh5 Rg8 20. Rhf1 Be6 21. Nf4 Bd7 22. Nh5 f6 23. g4 h6 24. Ng3 Rge8 25.
Nf5 Bf8 26. Ne2 Rad8 27. c3 Nxd3 28. Rxd3 Bxf5 29. Rxd8 Bxe4+ 30. Kc1 Rxd8 31. Nd4 Bc5 32. Ne6+ Kc8 33. Nxc5 Bg2 34. Re1 b6 35. Na6 Bxh3 36.
Re7 Rd7 37. Re8+ Kb7 38. Nb4 Bxg4 39. a4 a5 40. Nc2 h5 41. Ne3 Kc7 42. Rh8 Kd6 43.
Kd2 Ke5+ 44. Ke1 Ke4 45. Re8+ Kf3 46. Nc4 Kg3 47. Re3+ Kf4 48. Re8 Rd1+ 49. Kf2 Rb1 50. Nxb6 Rxb2+ 51. Ke1 Rxb6 0-1

[Event "*** Titled Tuesday Blitz"]
[Site "Chess.com"]
[Date "2021.02.09"]
[Round "5"]
[White "grunbergmihai"]
[Black "Kovalchuk94"]
[Result "0-1"]
[WhiteElo "2474"]
[BlackElo "2642"]
[TimeControl "180+1"]
[EndTime "10:58:06 PST"]
[Termination "Kovalchuk94 won on time"]

1. Nf3 Nf6 2. c4 g6 3. g3 Bg7 4. Bg2 O-O 5. O-O d6 6. d4 Bf5 7.
Nc3 Ne4 8. Qb3 Nxc3 9. bxc3 Be4 10. d5 Nd7 11. Be3 c5 12. Qxb7 Bxc3 13. Rac1 Bg7 14. Bh3 Nb6 15. Qa6 Qe8 16. Nd2 Bf5 17. Bxf5 gxf5 18. Rb1 e6 19. Bf4 Qd7 20. dxe6 fxe6 21. Nb3 e5 22. Bc1 Qa4 23. Qxa4 Nxa4 24. Bd2 Rab8 25.
Na5 Rb6 26. Rxb6 axb6 27. Nb7 Rb8 28. Nxd6 Rd8 29. Nxf5 Rxd2 30. e4 Bf8 31. a3 Nc3 32. f3 Ne2+ 33. Kf2 Nd4+ 34. Ke3 Ra2 35. Rb1 Rxa3+ 36. Kf2 Rxf3+ 37. Kg2 Rb3 38. Ra1 Nxf5 39. exf5 Rb4 40. Ra6 Rxc4 41. Rxb6 Rc2+ 42. Kf3 Rxh2 43.
g4 h6 44. Rc6 Rh4 45. Kg3 Rh1 46. Kf3 Rg1 47. Rg6+ Kf7 48. Ke4 c4 49. Kxe5 Bg7+ 50. Kd5 c3 0-1

[Event "*** Titled Tuesday Blitz"]
[Site "Chess.com"]
[Date "2021.02.09"]
[Round "5"]
[White "MergenKakabaev"]
[Black "FMJoseHerrera"]
[Result "0-1"]
[WhiteElo "2393"]
[BlackElo "2582"]
[TimeControl "180+1"]
[EndTime "10:58:06 PST"]
[Termination "FMJoseHerrera won on time"]

1. e4 c5 2. Nf3 e6 3. d4 cxd4 4. Nxd4 a6 5. Bd3 Qc7 6. Qe2 b6 7. O-O d6 8. c4 Nd7 9. Nc3 Bb7 10. Bd2 Ngf6 11. Kh1 h5 12. f4 h4 13. f5 e5 14. Nc2 Be7 15. Ne3 h3 16. g3 Nc5 17.
Ncd5 Bxd5 18. Nxd5 Nxd5 19. cxd5 Bf6 20. Rac1 Qb7 21.
b4 Nd7 22. Rc2 O-O 23. Rfc1 Bd8 24. a3 b5 25. Be3 Nb6 26. Rc6 Rc8 27. f6 Bxf6 28.
Bxb6 Qxb6 29. Rxc8 Qd4 30. Qg4 g6 31. Bf1 Rxc8 32.
Rxc8+ Kg7 33. Qxh3 Qxe4+ 34. Qg2 Qd4 35. h3 e4 36. Re8 Be5 37. h4 Qxd5 38. Be2 Qd4 39. Kh2 Qe3 40. Kh3 Qxa3 41. Rxe5 dxe5 42. Qxe4 Qb2 43. Bf3 Qc3 44. Bg2 f5 45. Qb7+ Kh6 46. Qxa6 f4 47. Kh2 Qxg3+ 48. Kg1 f3 49. Qa2 e4 0-1

[Event "*** Titled Tuesday Blitz"]
[Site "Chess.com"]
[Date "2021.02.09"]
[Round "5"]
[White "IljaJoke"]
[Black "pavelalexandru07"]
[Result "1-0"]
[WhiteElo "2512"]
[BlackElo "2337"]
[TimeControl "180+1"]
[EndTime "10:58:06 PST"]
[Termination "IljaJoke won by checkmate"]

1. e4 c5 2. Nf3 d6 3. d4 cxd4 4. Nxd4 Nf6 5. Nc3 a6 6. Be3 e5 7.
Nb3 Be6 8. f3 h5 9. Qd2 Nbd7 10.
Nd5 Bxd5 11. exd5 a5 12. a4 Be7 13. Bb5 O-O 14. O-O-O Qc7 15. Kb1 Rfc8 16. h4 Nb6 17.
Bxb6 Qxb6 18. g4 g6 19. Rhg1 Bf8 20. Bd3 Bg7 21. gxh5 Nxh5 22. Rg5 Nf4 23. h5 Bh6 24. Rgg1 g5 25. Bf5 Rc4 26. Qe1 Rxa4 27. Nc1 Rb4 28. Qc3 a4 29. Qa3 Ne2 30. Nxe2 f6 31. Nc1 Rd8 32. Nd3 Rh4 33. Be6+ Kh8 34. Rg4 Rh2 35. Bf5 Qc7 36. Nb4 b5 37. Qd3 Ra8 38. Qa3 Qb6 39. Bd3 Qc5 40. Rc1 f5 41. Bxf5 Bg7 42. Bg6 e4 43. Bxe4 Bd4 44. Bd3 Be3 45.
Re1 Rc8 46. Qc3+ Qxc3 47. bxc3 Rxc3 48. Rxe3 Rh1+ 49. Kb2 a3+ 50. Kxc3 Rb1 51. Re8+ Kg7 52.
Rxg5+ Kh6 53. Rg6+ Kxh5 54. Rh8# 1-0

[Event "*** Titled Tuesday Blitz"]
[Site "Chess.com"]
[Date "2021.02.09"]
[Round "5"]
[White "MerryPoppies"]
[Black "Joseacorrea"]
[Result "0-1"]
[WhiteElo "2166"]
[BlackElo "2006"]
[TimeControl "180+1"]
[EndTime "10:58:06 PST"]
[Termination "Joseacorrea won by resignation"]

1. d4 e6 2. c4 f5 3. Nc3 Nf6 4. Nf3 Be7 5. Bg5 b6 6. e3 Bb7 7. Bd3 O-O 8. O-O Ne4 9. Bxe7 Qxe7 10. Nd2 Nxc3 11. bxc3 Qg5 12. f3 Qxe3+ 13. Kh1 Qxd3 14. Rc1 f4 15. Re1 Qg6 16. Ne4 Bxe4 17. Rxe4 d5 18. cxd5 exd5 19. Re7 Qd6 20. Qe2 Nc6 21. Re6 Qd7 22.
Re1 Rac8 23. Qb5 Rfe8 24. Rxe8+ Rxe8 25. Rxe8+ Qxe8 26. h3 Qe6 27. Kh2 Kf7 28. Qd3 g6 29. Qd2 Qe3 30. Qb2 Ne7 31. Qb3 c6 32. Qa3 a5 33.
Qd6 g5 34. Qh6 Qxc3 35. Qxh7+ Ke6 36. Qh6+ Kd7 37. Qf6 Qe1 38. Qxg5 Qg3+ 39. Qxg3 fxg3+ 40. Kxg3 Ke6 41. Kf4 Kf6 42. g4 c5 43. dxc5 bxc5 44. h4 c4 45. g5+ Kg6 46. Ke3 Kh5 47. f4 Nf5+ 48. Kd2 Kxh4 49. Kc3 Kh5 50. a4 Kg6 51. Kd2 d4 52. Kc2 c3 53. Kd3 Ne3 54. Ke4 c2 55. f5+ Kxg5 56. f6 c1=Q 0-1

[Event "*** Titled Tuesday Blitz"]
[Site "Chess.com"]
[Date "2021.02.09"]
[Round "5"]
[White "JQuiroga18"]
[Black "nochewycandy"]
[Result "1/2-1/2"]
[WhiteElo "2424"]
[BlackElo "2651"]
[TimeControl "180+1"]
[EndTime "10:58:07 PST"]
[Termination "Game drawn by repetition"]

1. e4 e5 2. Nf3 Nc6 3. d4 exd4 4. Nxd4 Nf6 5. Nxc6 bxc6 6. e5 Qe7 7. Qe2 Nd5 8.
c4 Nb6 9. Nc3 Ba6 10. b3 O-O-O 11. f4 f6 12. exf6 Qxf6 13. Bd2 Bb4 14. Qd3 Nd5 15.
Rc1 Nxf4 16. Qf3 Qe6+ 17. Kd1 Ng6 18. Qe2 Qf5 19. Qe4 Qf7 20. Kc2 Rhe8 21. Qd3 Ne5 22. Qh3 Qg6+ 23. Kb2 Nd3+ 24. Bxd3 Qd6 25. Rhd1 Ba3+ 26.
Kb1 Bxc1 27. Bxc1 Qb4 28. Bd2 h6 29. Kb2 Qc5 30. Qg4 Qe5 31. Kc2 Qxh2 32. Bg6 Rf8 33. Be3 Bb7 34. Na4 Kb8 35. Nc5 d6 36. Ne6 Bc8 37.
c5 d5 38. Qb4+ Bb7 39. Rd2 Rde8 40. Nxf8 Rxe3 41. Bd3 Kc8 42. Bf5+ Kb8 43. Nd7+ Ka8 44. Qg4 Rg3 45. Qf4 g5 46. Qe5 Bc8 47. Nf6 Bxf5+ 48.
Qxf5 Kb7 49. Ne8 Rxg2 50. Rxg2 Qxg2+ 51. Kc3 Qg3+ 52. Kb2 Qf4 53. Qd7 Qf2+ 54. Kb1 Qf1+ 55. Kb2 Qf2+ 56. Kb1 Qf1+ 57. Kb2 Qf2+ 1/2-1/2

[Event "*** Titled Tuesday Blitz"]
[Site "Chess.com"]
[Date "2021.02.09"]
[Round "5"]
[White "eCztery"]
[Black "jorquerino"]
[Result "0-1"]
[WhiteElo "2465"]
[BlackElo "2297"]
[TimeControl "180+1"]
[EndTime "10:58:08 PST"]
[Termination "jorquerino won by checkmate"]

1. e4 d5 2. exd5 Nf6 3. Bb5+ Bd7 4. Be2 Nxd5 5. d4 Bf5 6. Nf3 e6 7. O-O Be7 8. c4 Nb4 9. Na3 O-O 10. Bf4 Nd7 11.
Rc1 Nxa2 12. Ra1 Nb4 13. Nb5 Na6 14. Bd3 Bxd3 15. Qxd3 h6 16. b3 Nb4 17. Qd2 c6 18. Nd6 c5 19. Nxb7 Qb6 20. Nxc5 Nxc5 21. dxc5 Bxc5 22.
Ne5 Rfd8 23. Qe2 a5 24. Qh5 Qb7 25. Ng4 Bd4 26. Rad1 Qe4 27. Rxd4 Rxd4 28. g3 a4 29. bxa4 Rxa4 30. Be5 Rxc4 31. Rd1 Rc8 32. h4 Rf8 33.
Bf6 Nd5 34. Ba1 Qxg4 35. Qe5 Qxd1+ 36. Kh2 Qxa1 37. Qe2 Ra2 38. Qf3 Qe1 39. Kg2 Rxf2+ 40. Qxf2 Qxf2+ 41. Kxf2 Rc8 42. Kf3 Rc4 43. g4 h5 44. g5 f5 45. gxf6 gxf6 46. Kg3 f5 47. Kh3 Rc3+ 48. Kg2 e5 49. Kf2 Kf7 50. Kg2 Kf6 51.
Kf2 f4 52. Kg2 Kf5 53. Kf2 Kg4 54. Kg2 e4 55. Kf2 Rc2+ 56. Ke1 e3 57. Kd1 Nb4 58. Ke1 f3 59. Kd1 Rd2+ 60. Ke1 Nd3+ 61. Kf1 Rd1# 0-1

[Event "*** Titled Tuesday Blitz"]
[Site "Chess.com"]
[Date "2021.02.09"]
[Round "5"]
[White "KafkaesqueKnight"]
[Black "woodhy"]
[Result "1-0"]
[WhiteElo "2149"]
[BlackElo "2443"]
[TimeControl "180+1"]
[EndTime "10:58:08 PST"]
[Termination "KafkaesqueKnight won by checkmate"]

1. d4 Nf6 2. c4 e6 3. Nf3 b6 4.
g3 Bb7 5. Bg2 Bb4+ 6. Bd2 Qe7 7.
O-O O-O 8. Bg5 h6 9. Bxf6 Qxf6 10. a3 Be7 11. Nc3 d6 12. e4 Nd7 13. Re1 e5 14.
Nd5 Bxd5 15. exd5 Rad8 16. Bh3 exd4 17. Bxd7 Rxd7 18. Nxd4 Qg6 19. Nc6 Bf6 20. Qd2 a5 21. Rad1 Qg4 22. b3 a4 23. Qd3 axb3 24. Qxb3 Ra8 25.
Qd3 g6 26. Kg2 Ra4 27. Re4 Qf5 28. Rde1 Kg7 29. R1e2 h5 30. h3 Qg5 31. Qb3 Ra8 32.
Re8 Rxe8 33. Rxe8 h4 34. Qe3 hxg3 35. Qxg5 Bxg5 36. fxg3 f5 37. Kf3 Bf6 38. a4 Kf7 39. Rc8 g5 40. Ra8 Kg6 41. a5 Rh7 42. Kg2 bxa5 43. Rxa5 g4 44. h4 f4 45. gxf4 Rxh4 46. Kg3 Kf5 47. Nd4+ Ke4 48. Ne6 Kf5 49. Ng7+ Kg6 50.
Ne6 Rh3+ 51. Kxg4 Rc3 52. c5 dxc5 53. Rxc5 Rd3 54. Rxc7 Rxd5 55. Nf8+ Kh6 56. Rh7# 1-0

[Event "*** Titled Tuesday Blitz"]
[Site "Chess.com"]
[Date "2021.02.09"]
[Round "5"]
[White "Murad_Ibrahimli"]
[Black "ehrenfeld"]
[Result "1-0"]
[WhiteElo "2720"]
[BlackElo "2517"]
[TimeControl "180+1"]
[EndTime "10:58:09 PST"]
[Termination "Murad_Ibrahimli won by resignation"]

1. d4 Nf6 2. c4 e6 3. Nf3 Bb4+ 4. Nbd2 O-O 5. a3 Be7 6. e3 b6 7. Bd3 Bb7 8. b4 a5 9. b5 d6 10. O-O Nbd7 11. Qc2 e5 12. Bb2 exd4 13. exd4 Re8 14. Rfe1 Bf8 15. Rxe8 Qxe8 16. Re1 Qd8 17. d5 g6 18. Bd4 Bg7 19. h3 Qf8 20. a4 Re8 21. Rxe8 Nxe8 22. Be3 Nc5 23. Bxc5 dxc5 24. Qd1 Qe7 25.
Qe2 Qxe2 26. Bxe2 Nd6 27. Bd3 Bc8 28. Kf1 Kf8 29. Ke2 Ke7 30. Nf1 f5 31. N3d2 Bc3 32. f4 Bd7 33. Nf3 h6 34. Ne5 Be8 35. Ne3 Kf6 36.
Nf3 Bd7 37. g4 fxg4 38. hxg4 g5 39. f5 Nf7 40. Nd2 Bxd2 41. Kxd2 Ke5 42. Be2 Nd6 43.
Kd3 Kf4 44. Ng2+ Ke5 45. Ne3 Be8 46. Nd1 Bd7 47. Nb2 h5 48. gxh5 Bxf5+ 49. Ke3 Bc2 50. Bd3 Nf5+ 51. Kf3 Bb3 52. Kg4 Ne3+ 53. Kxg5 Kd4 54.
h6 Kc3 55. h7 Kxb2 56. h8=Q+ Ka2 57. Qh2+ Ka3 58. Qxc7 Bxc4 59. Bxc4 Nxc4 60. d6 Kxa4 61. d7 Kb4 62. d8=Q a4 63. Qd3 a3 64. Qf4 Ka5 65. Qfxc4 1-0

[Event "*** Titled Tuesday Blitz"]
[Site "Chess.com"]
[Date "2021.02.09"]
[Round "5"]
[White "Irina_Baraeva"]
[Black "ural58"]
[Result "0-1"]
[WhiteElo "2269"]
[BlackElo "2481"]
[TimeControl "180+1"]
[EndTime "10:58:09 PST"]
[Termination "ural58 won on time"]

1. d4 d5 2. Nf3 Nc6 3. c4 e5 4. cxd5 Qxd5 5. Nc3 Bb4 6. Bd2 Bxc3 7. Bxc3 e4 8. Ne5 Nxe5 9. dxe5 Ne7 10. e3 a5 11.
Be2 Be6 12. Qa4+ Qd7 13. Qc2 Qc6 14. a4 Bc4 15. O-O Bxe2 16. Qxe2 O-O 17. Rac1 Qe6 18. Bd4 Rfc8 19. Rc4 b6 20. b3 c5 21. Bb2 Rd8 22. Qc2 Rd3 23. Rxe4 Qxb3 24. Qc1 Rad8 25. e6 f6 26. g3 Rd1 27. Qc3 Rxf1+ 28. Kxf1 Qxc3 29. Bxc3 Rd3 30. Bb2 Rb3 31. Bc1 Rb1 32. Rc4 Kf8 33. Ke2 Nc6 34. Kd2 Ke7 35. Kc2 Ra1 36. Bb2 Rf1 37. f4 Kxe6 38. Re4+ Kd7 39. f5 Rf2+ 40. Kb3 Rxh2 41. Rg4 Re2 42. Rxg7+ Kd6 43.
Bxf6 Rxe3+ 44. Kb2 Nd4 45. Bxd4 cxd4 46. Rxh7 Rxg3 47.
f6 Rf3 48. f7 Kc5 49. Rh5+ Kc4 50. Rh6 Rxf7 51. Rxb6 Rf2+ 52. Kc1 Ra2 53. Rc6+ Kd3 54.
Rc5 Ra1+ 55. Kb2 Rxa4 0-1

[Event "*** Titled Tuesday Blitz"]
[Site "Chess.com"]
[Date "2021.02.09"]
[Round "5"]
[White "bazar-wokzal"]
[Black "Forantes"]
[Result "1/2-1/2"]
[WhiteElo "2528"]
[BlackElo "2379"]
[TimeControl "180+1"]
[EndTime "10:58:11 PST"]
[Termination "Game drawn - insufficient material"]

1. e4 c5 2. c3 d5 3. exd5 Qxd5 4.
d4 Nf6 5. Nf3 Bg4 6. dxc5 Qxd1+ 7. Kxd1 Nc6 8. Be3 Nd5 9. Bb5 Nxe3+ 10. fxe3 O-O-O+ 11. Ke2 e5 12. Bxc6 bxc6 13. h3 Bxf3+ 14. gxf3 Bxc5 15. Nd2 Kc7 16. Nc4 f6 17. h4 Rd7 18. h5 Rhd8 19. Rhg1 Bf8 20. e4 Bc5 21. Rgd1 Rxd1 22. Rxd1 Rxd1 23. Kxd1 g6 24. hxg6 hxg6 25. Ke2 Bb6 26. b4 Bg1 27. a4 a6 28. Nb2 Kd6 29. Nd3 f5 30. exf5 gxf5 31. c4 e4 32. fxe4 fxe4 33. Nc1 Ke5 34. Nb3 Bb6 35. c5 Bd8 36.
Ke3 Bg5+ 37. Ke2 Kd5 38. Na5 Bd8 39. Nb7 Bc7 40. Ke3 Kc4 41. b5 axb5 42. axb5 cxb5 43. Kxe4 b4 44. Ke3 b3 45. Kd2 Kb4 46. c6 b2 47. Kc2 Kb5 48. Nc5 Be5 49. Nd3 Kxc6 50. Nxe5+ Kd5 51. Nf3 Ke4 52. Kxb2 1/2-1/2

[Event "*** Titled Tuesday Blitz"]
[Site "Chess.com"]
[Date "2021.02.09"]
[Round "5"]
[White "zeitnot2006"]
[Black "SHIVACalypso"]
[Result "1-0"]
[WhiteElo "2527"]
[BlackElo "2363"]
[TimeControl "180+1"]
[EndTime "10:58:13 PST"]
[Termination "zeitnot2006 won on time"]

1. e4 e6 2. b3 d5 3. Bb2 Nc6 4. Bb5 a6 5. Bxc6+ bxc6 6. Nc3 Nf6 7.
d3 Be7 8. Nf3 O-O 9. O-O Bb7 10.
Qe2 Re8 11. Na4 c5 12. Rad1 Bc6 13. Bxf6 gxf6 14. Nc3 Bf8 15. Qd2 Bg7 16. exd5 exd5 17. Qf4 Qd6 18. Qg4 Kh8 19. Rfe1 Rg8 20. Qh5 Raf8 21.
Ne2 d4 22. Ng3 Qd5 23. Qxd5 Bxd5 24. Re7 Bh6 25. Kf1 Bf4 26. Rde1 Bd6 27. R7e2 Rg6 28.
Re8 Kg8 29. Nf5 Bxf3 30. gxf3 Rg5 31. Nxd6 cxd6 32. R1e7 Re5 33. Rxf8+ Kxf8 34. Ra7 Rh5 35. Rxa6 Ke7 36. Ra7+ Ke6 37. Kg2 Re5 38. Ra8 Ke7 39. Kf1 Rh5 40. a4 Rxh2 41. a5 Rh1+ 42. Kg2 Ra1 43.
a6 Ra2 44. a7 f5 45. Kg3 Kf6 46. Kf4 Ra6 47. Kg3 Ra2 48. Kh4 Kg7 49. Kg5 Ra6 50. Kxf5 h6 51. Ke4 Ra5 52. Kd5 Ra6 53. Kc4 h5 54. Kb5 Ra1 55. Kb6 h4 56. Rb8 h3 57.
a8=Q 1-0

[Event "*** Titled Tuesday Blitz"]
[Site "Chess.com"]
[Date "2021.02.09"]
[Round "5"]
[White "Stormeman100100"]
[Black "ljuks68"]
[Result "0-1"]
[WhiteElo "2526"]
[BlackElo "2386"]
[TimeControl "180+1"]
[EndTime "10:58:13 PST"]
[Termination "ljuks68 won by checkmate"]

1. d4 d5 2. c4 c6 3. Nc3 Nf6 4.
Nf3 dxc4 5. a4 Bf5 6. Ne5 Na6 7. f3 Nd7 8. Nxc4 e5 9. dxe5 Qh4+ 10. g3 Qxc4 11. e4 Qe6 12. exf5 Qxe5+ 13. Qe2 Nb4 14.
Kf2 Bc5+ 15. Kg2 O-O 16. Qxe5 Nxe5 17. Ne4 Bd4 18. Ra3 Rad8 19. Be2 a5 20. Rd1 Rfe8 21. f4 Nc4 22. Bxc4 Rxe4 23. Kf3 Rde8 24. Bd2 Bxb2 25. Bd3 Rd4 26. Bxb4 axb4 27. Rb3 Bc3 28. Be2 Rxd1 29. Bxd1 Rd8 30. Be2 Rd4 31. Rb1 c5 32. g4 Kf8 33.
h4 Ke7 34. h5 f6 35. g5 h6 36. gxh6 gxh6 37. Rg1 b3 38. Rg7+ Kd6 39. Rxb7 b2 40. a5 Bb4 41. Rb6+ Kc7 42. Ba6 b1=Q 43. Rb7+ Kc6 44.
Rb6+ Kd7 45. Rb7+ Kd8 46. Rb8+ Ke7 47. Rb7+ Rd7 48. Rxd7+ Kxd7 49. Bb5+ Kd6 50. a6 Qd1+ 51. Be2 Qa1 52. Ke3 Kd5 53. Kd3 Qxa6+ 54. Ke3 Qa3+ 55.
Kf2 c4 56. Bf3+ Kd4 57. Kg3 Qb2 58. Kh4 Bc3 59. Kg4 Be1 60. Kh3 Qf2 61. Kg4 Qg3# 0-1

[Event "*** Titled Tuesday Blitz"]
[Site "Chess.com"]
[Date "2021.02.09"]
[Round "5"]
[White "FontVella8"]
[Black "Adham_Fawzy"]
[Result "0-1"]
[WhiteElo "2572"]
[BlackElo "2774"]
[TimeControl "180+1"]
[EndTime "10:58:14 PST"]
[Termination "Adham_Fawzy won by resignation"]

1. e4 c5 2. Nf3 Nc6 3. d4 cxd4 4. Nxd4 e5 5. Nb5 d6 6. N1c3 a6 7. Na3 b5 8. Nd5 Nge7 9. c4 Nd4 10. Be3 Nxd5 11. cxd5 g6 12. Bd3 Bg7 13. O-O O-O 14. Nc2 Nxc2 15. Qxc2 Bd7 16. Qd2 Qb8 17. Bh6 Rc8 18.
Bxg7 Kxg7 19. f4 Qb6+ 20. Kh1 Qd4 21. fxe5 Qxe5 22. Qf2 f6 23. Rac1 Be8 24. h3 Bf7 25. Qb6 Rxc1 26. Rxc1 Qxb2 27. Rc7 Qa1+ 28. Kh2 Qe5+ 29.
Kg1 Rf8 30. Rd7 Qc3 31. Bf1 Qc2 32. Rxd6 Qxe4 33. Rxf6 Qxd5 34. Rf2 Qe6 35. Qd4+ Kg8 36. Rf6 Qxa2 37. h4 Qd5 38. Qf4 a5 39. Be2 b4 40. h5 b3 41. hxg6 hxg6 42. Bf3 Qc5+ 43. Kh2 Kg7 44. Be4 Qe7 45. Rb6 Rh8+ 46. Kg3 g5 47. Qc1 Qe5+ 48. Kf3 Bh5+ 49. g4 Bxg4+ 50. Kxg4 Rh4+ 51. Kf3 Qxe4+ 52. Kg3 Qg4+ 53. Kf2 Rh2+ 54.
Ke3 Qf4+ 55. Kd3 Qxc1 0-1